 Dungeon Crawl Stone Soup version 0.28.0-53-g5a82cb258f (webtiles) character file.

Game seed: 14372348462001482479

23174 Eitelfritz the Severer (level 13, -21/113 HPs)
             Began as a Hill Orc Fighter on July 24, 2022.
             Was a High Priest of Zin.
             Killed from afar by Azrael (37 damage)
             ... with a fireball
             ... on level 12 of the Dungeon.
             The game lasted 00:36:12 (13266 turns).

Eitelfritz the Severer (Hill Orc Fighter)          Turns: 13266, Time: 00:36:13

Health: -21/113    AC: 22    Str: 24    XL:     13   Next: 5%
Magic:  21/21      EV:  8    Int:  6    God:    Zin [*****.]
Gold:   108        SH: 15    Dex: 14    Spells: 16/16 levels left

rFire   . . .      SeeInvis +   a - +4 broad axe (elec)
rCold   + . .      Faith    .   P - +0 kite shield
rNeg    . . .      Spirit   .   S - +1 chain mail of the Swan {rC+ Int-2 Dex+4 SInv}
rPois   .          Reflect  +   d - +2 helmet
rElec   .          Harm     .   (no cloak)
rCorr   .          Rampage  .   J - +2 pair of gloves
Will    +....                   N - +1 pair of boots {Fly}
Stlth   ..........              E - amulet of reflection
HPRegen 0.28/turn               n - +4 ring of slaying
MPRegen 0.17/turn               t - ring of willpower

@: mighty, lethally poisoned (-21 -> -22), flying
A: no striking features
a: Renounce Religion, Recite, Vitalisation, Imprison, Sanctuary, Donate Gold


You were on level 12 of the Dungeon.
You worshipped Zin.
Zin was extremely pleased with you.
You visited 2 branches of the dungeon, and saw 13 of its levels.
You also visited: Bailey.

You collected 569 gold pieces.
You spent 405 gold pieces at shops.
You donated 56 gold pieces to Zin.

Inventory:

Hand Weapons
 a - a +4 broad axe of electrocution (weapon)
 b - a +0 hand crossbow
 A - a +2 morningstar
 U - a +0 war axe of freezing
Missiles
 h - 126 bolts
 i - 25 boomerangs (quivered)
 o - 5 javelins
 p - 25 poisoned darts
 M - 6 curare-tipped darts
 O - 2 throwing nets
Armour
 c - a +0 buckler
 d - a +2 helmet (worn)
 v - a +0 troll leather armour
 J - a +2 pair of gloves (worn)
 N - a +1 pair of boots of flying (worn)
 P - a +0 kite shield (worn)
 S - the +1 chain mail of the Swan (worn) {rC+ Int-2 Dex+4 SInv}
   (You bought it in a shop on level 11 of the Dungeon)

   Int:       It affects your intelligence (-2).
   Dex:       It affects your dexterity (+4).
   rC:        It protects you from cold.
   SInv:      It lets you see invisible.
Jewellery
 n - a +4 ring of slaying (left hand)
 t - a ring of willpower (right hand)
 B - a +4 ring of protection
 D - an amulet of guardian spirit
 E - an amulet of reflection (around neck)
 F - a ring of fire
 G - a ring of resist corrosion
Wands
 e - a wand of acid (14)
 g - a wand of paralysis (13)
 q - a wand of polymorph (25)
 y - a wand of flame (44)
 Q - a wand of charming (4)
Scrolls
 f - 3 scrolls of identify
 j - 5 scrolls of teleportation
 k - 2 scrolls of magic mapping
 m - 2 scrolls of vulnerability
 x - 4 scrolls of fog
 H - 4 scrolls of fear
Potions
 l - 2 potions of ambrosia
 r - 3 potions of heal wounds
 s - 6 potions of curing
 u - a potion of cancellation
 w - 2 potions of mutation
 z - 4 potions of attraction
 C - a potion of haste
 I - a potion of berserk rage
 K - a potion of brilliance


   Skills:
 + Level 10.1 Fighting
 + Level 15.8 Axes
 + Level 1.5(8.8) Maces & Flails
 + Level 4.1(4.4) Slings
 + Level 2.8 Crossbows
 + Level 2.4(3.6) Throwing
 + Level 10.0 Armour
 + Level 3.1 Dodging
 + Level 0.2 Stealth
 + Level 7.8 Shields
 + Level 2.0 Spellcasting
 * Level 11.7 Invocations
 + Level 2.7 Evocations


You had 16 spell levels left.
You didn't know any spells.
Your spell library contained the following spells:

 Spells                   Type           Power      Damage    Failure   Level
 Freeze                   Ice            0%         1d3       99%         1
 Shock                    Conj/Air       0%         1d3       99%         1
 Sting                    Tmut/Pois      0%         1d3       99%         1
 Poisonous Vapours        Pois/Air       0%         N/A       100%        2
 Frozen Ramparts          Ice            0%         1d2       100%        3
 Summon Guardian Golem    Hex/Summ       0%         N/A       100%        3
 Swiftness                Air            0%         N/A       100%        3
 Airstrike                Air            0%         N/A       100%        4
 Hailstorm                Conj/Ice       0%         3d3       100%        4
 Olgreb's Toxic Radiance  Pois           0%         N/A       100%        4
 Orb of Destruction       Conj           0%         9d5       100%        7
 Spellforged Servitor     Conj/Summ      0%         N/A       100%        7


Dungeon Overview and Level Annotations

Branches:
Dungeon (12/15)            Temple (1/1) D:4            Lair (0/6) D:9
    Orc (0/2) D:12         Bailey (visited)

Altars:
Ashenzari
Cheibriados
Dithmenos
Elyvilon
Fedhas
Gozag
Hepliaklqana
Kikubaaqudgha
Makhleb
Nemelex Xobeh
Okawaru
Qazlal
Ru
Sif Muna
Trog
Uskayaw
Vehumet
Wu Jian
Xom
Yredelemnul
Zin
The Shining One

Shops:
D:1 =   D:7 *   D:11 [

Annotations:
D:12 Azrael


Message History

A kobold comes into view. It is wielding a +0 whip.
Azrael hits you with a +4 scimitar of flaming.
Azrael burns you.
You feel very mighty all of a sudden.
You feel sick.
The kobold shouts!
You block the hell hound's attack. The hell hound breathes flames at you.
The blast of flame hits you but does no damage.
The fire elemental hits you. The fire elemental burns you!
The hell hound bites you. x2
The slime creature hits you but does no damage.
You block Azrael's attack.
A kobold demonologist comes into view. It is wielding a +0 dagger.
Unknown command.
You slash Azrael!
Azrael is severely wounded.
You closely miss the hell hound. You slice the fire elemental!!
You slash the kobold brigand!
Lightning courses through the kobold brigand!
You kill the kobold brigand!
You slash the slime creature!
Lightning courses through the slime creature!!
You kill the slime creature!
You hit the hell hound.
You kill the hell hound!
You feel sick. The fire elemental hits you. The fire elemental burns you!
* * * LOW HITPOINT WARNING * * *
The hell hound barely misses you. The fire elemental hits you.
The fire elemental burns you!
* * * LOW HITPOINT WARNING * * *
You slice Azrael!!
Azrael is almost dead.
You hit the hell hound. You slash the fire elemental!
You destroy the fire elemental!
You feel sick.
The hell hound bites you but does no damage.
Azrael gestures at you.
The fireball explodes!
The fireball engulfs you!!!
You die...

##.#. ##....# #.....#
#.....☼ # K
.....##.#.).K
.hEh#.#K... #Rh..KD...
##†@#.# ### # #...).#
####>#### #.#...###
####.......#
#.#...#####...........
#......##....#.......#
###$####....###.....##
#...#..8..###.8.8^##
#.###......#.......#
#.##..#'#..#..#+#..#


You could see Azrael, a six-headed hydra, a kobold demonologist, a fire
elemental, 3 hell hounds and 2 kobolds.

Vanquished Creatures
  A boulder beetle (D:11)
  2 hydras
  2 two-headed ogres
  A centaur warrior (D:9)
  A death knight (D:11)
  A deep elf zephyrmancer (D:9)
  Pikel (D:7)
  A cyclops (D:11)
  Maggie (D:8)
  An unseen horror (D:10)
  2 kobold demonologists
  A freezing wraith (D:12)
  4 trolls
  Grinder (D:6)
  11 slime creatures (D:12)
  Sigmund (D:6)
  3 shadows
  4 wraiths
  2 wyverns
  A fire elemental (D:12)
  16 yaks
  A steam dragon (D:7)
  7 vampire mosquitoes
  Menkaure (D:7)
  A hell hound (D:12)
  A water moccasin (D:8)
  6 orc warriors
  2 sky beasts
  An ice beast (D:5)
  A black bear (D:6)
  2 ogres (D:5)
  A necrophage (D:5)
  A phantom (D:5)
  3 lemures (D:7)
  4 centaurs
  4 kobold brigands
  Blork the orc (D:5)
  3 scorpions
  A gnoll sergeant (D:9)
  3 bullfrogs
  A water moccasin skeleton (D:5)
  22 killer bees
  5 howler monkeys
  A lava snake (D:10)
  5 hounds
  5 centaur zombies
  2 jellies (D:5)
  A bullfrog skeleton (D:7)
  8 orc priests
  A centaur skeleton (D:4)
  Ijyb (D:5)
  3 iguanas
  10 orc wizards
  A killer bee zombie (D:8)
  2 hound skeletons (D:4)
  A howler monkey zombie (D:9)
  17 gnolls
  9 adders
  An ufetubus (D:5)
  A worm (D:3)
  5 dart slugs
  31 orcs
  4 endoplasms
  A giant cockroach (D:1)
  9 goblins
  9 hobgoblins
  8 jackals
  27 kobolds
  A quokka (D:4)
  10 ball pythons
  4 bats
  3 frilled lizards
  7 rats
318 creatures vanquished.

Vanquished Creatures (others)
  An orc wizard (D:4)
  A kobold (D:12)
  4 toadstools (D:1)
6 creatures vanquished.

Grand Total: 324 creatures vanquished

Notes
Turn   | Place    | Note
-------+----------+-------------------------------------------
     0 | D:1      | Eitelfritz the Hill Orc Fighter began the quest for the
                  | Orb.
     0 | D:1      | Reached XP level 1. HP: 19/19 MP: 1/1
    34 | D:1      | Found Vihutty's Jewellery Boutique.
    57 | D:1      | Reached XP level 2. HP: 17/27 MP: 2/2
   821 | D:2      | Reached skill level 3 in Axes
   821 | D:2      | Reached XP level 3. HP: 33/33 MP: 3/3
   873 | D:2      | Reached XP level 4. HP: 34/40 MP: 4/4
  1061 | D:2      | Found a faded altar of an unknown god.
  1190 | D:2      | Reached skill level 4 in Axes
  1369 | D:2      | Found a blossoming altar of Fedhas.
  1380 | D:2      | Reached skill level 1 in Slings
  1380 | D:2      | Reached XP level 5. HP: 47/47 MP: 5/5
  2405 | D:4      | Reached XP level 6. HP: 19/53 MP: 6/6
  2691 | D:4      | Noticed a sky beast
  2699 | D:4      | Killed a sky beast
  2700 | D:4      | Reached skill level 5 in Axes
  2700 | D:4      | Reached skill level 1 in Dodging
  2854 | D:4      | Reached XP level 7. HP: 57/60 MP: 7/7
  2920 | D:4      | Reached skill level 6 in Axes
  2999 | D:4      | Found a staircase to the Ecumenical Temple.
  3370 | D:4      | Found a glowing golden altar of the Shining One.
  3512 | D:4      | Reached skill level 7 in Axes
  3514 | D:4      | Reached skill level 5 in Fighting
  3636 | Temple   | Entered the Ecumenical Temple
  3695 | Temple   | Became a worshipper of Zin the Law-Giver
  3695 | Temple   | Reached * piety under Zin
  3744 | D:5      | Entered Level 5 of the Dungeon
  3821 | D:5      | Reached skill level 1 in Invocations
  3825 | D:5      | Reached skill level 5 in Armour
  3825 | D:5      | Reached XP level 8. HP: 30/68 MP: 7/9
  4017 | D:5      | Reached skill level 8 in Axes
  4186 | D:5      | Noticed Ijyb
  4193 | D:5      | Killed Ijyb
  4330 | D:5      | Noticed Blork the orc
  4335 | D:5      | Killed Blork the orc
  4336 | D:5      | Reached skill level 9 in Axes
  4339 | D:5      | Identified the +3 dagger "Ycremeak" {drain, Dex+3}
  4675 | D:5      | Found an opulent altar of Gozag.
  4736 | D:5      | Reached XP level 9. HP: 56/75 MP: 10/12
  5053 | D:6      | Noticed Grinder
  5064 | D:6      | Killed Grinder
  5065 | D:6      | Reached skill level 10 in Axes
  5266 | D:6      | Reached skill level 5 in Invocations
  5611 | D:6      | Reached ** piety under Zin
  5659 | D:6      | Noticed Sigmund
  5666 | D:6      | Killed Sigmund
  5908 | D:7      | Found Anoluum's Assorted Antiques.
  5984 | D:7      | Found a flagged portal.
  5997 | Bailey   | Entered a bailey
  6002 | Bailey   | Noticed an orc warlord
  6117 | Bailey   | Reached skill level 11 in Axes
  6207 | Bailey   | Found a runed translucent gate.
  6210 | Bailey   | Found a runed translucent gate.
  6211 | Bailey   | Reached *** piety under Zin
  6212 | Bailey   | Found a runed translucent gate.
  6283 | Bailey   | HP: 1/78 [orc warlord/+0 war axe (11)]
  6654 | Bailey   | Identified the +1 dagger of Extermination {freeze, Dex+2}
  6661 | Bailey   | Reached skill level 5 in Shields
  6661 | Bailey   | Reached XP level 10. HP: 86/86 MP: 13/16
  6980 | D:7      | Noticed Menkaure
  6984 | D:7      | Killed Menkaure
  7126 | D:7      | Noticed Pikel
  7140 | D:7      | Killed Pikel
  7141 | D:7      | Reached skill level 12 in Axes
  7141 | D:7      | Reached XP level 11. HP: 83/93 MP: 17/17
  7343 | D:7      | Found a basalt altar of Yredelemnul.
  7350 | D:7      | Found an ancient bone altar of Kikubaaqudgha.
  7352 | D:7      | Found an ornate altar of the Wu Jian Council.
  7355 | D:7      | Found a sacrificial altar of Ru.
  7486 | D:8      | Noticed Maggie
  7500 | D:8      | Killed Maggie
  8107 | D:8      | Reached **** piety under Zin
  8410 | D:9      | Reached skill level 13 in Axes
  8707 | D:9      | Found a staircase to the Lair.
  8996 | D:9      | Noticed a centaur warrior
  9005 | D:9      | Killed a centaur warrior
  9313 | D:9      | Noticed a deep elf zephyrmancer
  9322 | D:9      | Killed a deep elf zephyrmancer
  9793 | D:10     | Entered Level 10 of the Dungeon
  9834 | D:10     | Noticed a two-headed ogre
  9849 | D:10     | Killed a two-headed ogre
  9850 | D:10     | Reached skill level 10 in Invocations
  9856 | D:10     | Reached skill level 14 in Axes
  9856 | D:10     | Reached XP level 12. HP: 79/104 MP: 19/19
 10816 | D:11     | Noticed a two-headed ogre
 10899 | D:11     | Noticed a boulder beetle
 10935 | D:11     | Killed a boulder beetle
 11041 | D:11     | Noticed an eight-headed hydra
 11070 | D:11     | Killed a two-headed ogre
 11146 | D:11     | Found Zamnuobi's Antique Armour Shop.
 11191 | D:11     | Reached skill level 15 in Axes
 11261 | D:11     | Bought a kite shield for 130 gold pieces
 11261 | D:11     | Bought a transparent chain mail for 275 gold pieces
 11261 | D:11     | Identified the +1 chain mail of the Swan {rC+ Int-2 Dex+4
                  | SInv} (You bought it in a shop on level 11 of the Dungeon)
 11750 | D:11     | Killed an eight-headed hydra
 12062 | D:12     | Noticed a death knight
 12313 | D:11     | Killed a death knight
 12314 | D:11     | Reached skill level 1 in Maces & Flails
 12539 | D:12     | Reached ***** piety under Zin
 12540 | D:12     | Reached skill level 10 in Fighting
 12721 | D:12     | Noticed an eight-headed hydra
 12732 | D:12     | Killed an eight-headed hydra
 12995 | D:12     | Found a white marble altar of Elyvilon.
 13096 | D:12     | Found a staircase to the Orcish Mines.
 13252 | D:12     | Reached skill level 10 in Armour
 13252 | D:12     | Reached XP level 13. HP: 83/113 MP: 21/21
 13256 | D:12     | Noticed Azrael
 13266 | D:12     | Killed from afar by Azrael

Illustrated notes

Levels and vault maps discovered:
D:1:      ldierk_walled_garden_2, layout_rooms, serial_shops,
          nicolae_shop_temple_entry_statues_fountains, dk_noncrumbling_2,
          minivault_24
D:2:      layout_rooms, hellmonk_ecumenical_altar_arch_garden, basic_altar,
          minmay_misc_feat_x
D:3:      layout_basic, kennysheep_decorative_pillar, chequers_mini_garden
D:4:      minmay_octagon_keep, layout_basic, lemuel_tele_altar, temple_pool_b
D:5:      minmay_chambers_of_threes, layout_loops_ring,
          lemuel_coloured_pillars_altar, kennysheep_donut, uniq_ijyb,
          uniq_blork_the_orc
D:6:      layout_basic, chequers_jeans, uniq_sigmund, uniq_grinder
D:7:      layout_cave_pools, minitemple, serial_shops,
          nicolae_shop_advertising_works [nicolae_subvault_shop_adworks],
          enter_bailey_3, uniq_pikel, uniq_menkaure
D:8:      layout_basic, uniq_maggie
D:9:      layout_basic, lair_entry_dummy, st_stairs_2, guppyfry_early_elven_hall
D:10:     layout_big_octagon
D:11:     layout_rooms, serial_shops, nicolae_inconvenience_store,
          lemuel_flamethrower_1
D:12:     layout_loops_cross, david_orc_1_choice,
          hangedman_abyss_or_decor_passed, nicolae_elyvilon_peaceful_grove,
          uniq_azrael
Temple:   compressed_dpeg_circular_temple

Skill      XL: |  1  2  3  4  5  6  7  8  9 10 11 12 |
---------------+-------------------------------------+-----
Fighting       | 4 5 6 7 9 10 | 10.1
Axes           | 3 4 5 7 9 11 12 14 15 | 15.8
Armour         | 4 5 7 9 10 | 10.0
Slings         | 1 2 3 4 |  4.1
Shields        | 4 5 6 7 |  7.8
Dodging        | 1 2 3 |  3.1
Invocations    | 1 4 8 10 11 | 11.7
Crossbows      | 2 |  2.8
Throwing       | 2 |  2.4
Spellcasting   | 2 |  2.0
Evocations     | 2 |  2.7
Maces & Flails | 1 |  1.5
Stealth        | |  0.2

Action                   |  1- 3 |  4- 6 |  7- 9 | 10-12 | 13-15 || total
-------------------------+-------+-------+-------+-------+-------++-------
Melee: War axe           |    60 |    72 |    86 |    21 |       ||   239
       Broad axe         |       |       |    75 |   419 |     8 ||   502
       Morningstar       |       |       |       |     7 |       ||     7
       Flail             |       |       |       |     6 |       ||     6
 Fire: Hunting sling     |     3 |    73 |    10 |     3 |       ||    89
       Hand crossbow     |       |       |       |     1 |       ||     1
Invok: Recite            |       |       |     1 |     1 |       ||     2
  Use: Scroll            |       |     9 |     8 |    11 |       ||    28
       Potion            |       |       |     2 |     1 |     1 ||     4
 Stab: Confused          |       |       |       |     1 |       ||     1
Armor: Scale mail        |    34 |    27 |       |       |       ||    61
       Chain mail        |       |    11 |    73 |    62 |    15 ||   161
       Plate armour      |       |       |    15 |   214 |       ||   229
Dodge: Dodged            |    31 |    45 |    65 |   111 |     2 ||   254
Block: Buckler           |    14 |    18 |    48 |   166 |       ||   246
       Reflection        |       |       |     5 |    12 |       ||    17
       Kite shield       |       |       |       |    96 |    10 ||   106
